 Dungeon Crawl Stone Soup version 0.30-a0-165-g1891117ce2 (webtiles) character file.

Game seed: 18210157465439966954

49 qw the Chopper (level 3, -4/23 HPs)
             Began as a Gargoyle Fighter on Sept 28, 2022.
             Slain by Robin
             ... wielding a +0 trident
              (5 damage)
             ... on level 2 of the Dungeon.
             The game lasted 00:00:21 (961 turns).

qw the Chopper (Gargoyle Fighter)                    Turns: 961, Time: 00:00:21

Health: -4/23      AC: 10    Str: 27    XL:     3   Next: 75%
Magic:  3/3        EV:  9    Int:  8    God:
Gold:   42         SH:  4    Dex:  9    Spells: 2/2 levels left

rFire   . . .      SeeInvis .    Y - +1 war axe
rCold   . . .      Faith    .    c - +0 buckler
rNeg    + . .      Spirit   .    b - +0 scale mail
rPois   inf        Reflect  .    (no helmet)
rElec   +          Harm     .    (no cloak)
rCorr   .          Rampage  .    (no gloves)
Will    .....                    (no boots)
Stlth   ..........               (no amulet)
HPRegen 0.07/turn                l - +6 ring of strength
MPRegen 0.08/turn                (no ring)

@: no status effects
A: sickness immunity, AC +3, negative energy resistance 1, electricity
resistance, torment resistance 1, petrification resistance
a: no special abilities


You were on level 2 of the Dungeon.
You visited 1 branch of the dungeon, and saw 2 of its levels.

You collected 68 gold pieces.
You spent 26 gold pieces at shops.


Innate Abilities, Weirdness & Mutations

You are immune to sickness and miasma.
Your stone body is resilient. (AC +3)
You are immune to poison.
You resist negative energy. (rN+)
You are resistant to electric shocks. (rElec)
You are resistant to unholy torment.
You are immune to petrification.


   Skills:
 - Level 3.2 Fighting
 + Level 3.6 Axes
 - Level 3.2 Armour
 - Level 3.2 Shields


You had 2 spell levels left.
You didn't know any spells.
Your spell library was empty.

Inventory:

Hand Weapons
 e - a +0 flail
 Y - a +1 war axe (weapon)
Armour
 b - a +0 scale mail (worn)
 c - a +0 buckler (worn)
Jewellery
 l - a +6 ring of strength (left hand)
Scrolls
 a - a scroll of amnesia {unknown}
 f - a scroll of enchant armour
 h - a scroll of brand weapon {unknown}
 n - a scroll of identify
Potions
 d - a potion of might
 g - a potion of curing
 j - a potion of degeneration {unknown}
 m - a potion of haste {unknown}

Dungeon Overview and Level Annotations

Branches:
Dungeon (2/15)

Altars:
Kikubaaqudgha

Shops:
D:2 (?

Annotations:
D:2 Robin


Message History

The goblin hits you but does no damage. Robin hits you but does no damage.
The goblin closely misses you.
You closely miss the goblin.
The goblin is severely wounded.
You block the goblin's attack. Robin barely misses you.
You completely miss the goblin.
The goblin is severely wounded.
The goblin hits you but does no damage.
Robin hits you from afar with a +0 trident.
You closely miss the goblin.
The goblin is severely wounded.
The goblin hits you but does no damage. x2
You closely miss the goblin.
The goblin is severely wounded.
The hobgoblin no longer looks unusually strong.
The goblin hits you but does no damage.
Robin roars a battlecry!
The hobgoblin goes into a battle-frenzy!
You closely miss the goblin.
The goblin is severely wounded.
The goblin closely misses you. The goblin hits you but does no damage.
You block Robin's attack.
You closely miss the goblin.
The goblin is severely wounded.
The goblin hits you but does no damage.
Robin points. "Kill!"
Robin hits you from afar with a +0 trident.
You barely miss the goblin.
The goblin is severely wounded.
You block the goblin's attack.
You miss the goblin.
The goblin is severely wounded.
You block the goblin's attack.
Robin roars a battlecry!
The goblin hits you with a +0 club. Robin hits you but does no damage.
You barely miss the goblin.
The goblin is severely wounded.
The goblin hits you with a +0 club.
Robin hits you from afar with a +0 trident.
You die...

,,,,,,+,,* #.#,* #........#
,,,,,,**** #.#,* #........#
*****,,,,* #.#,* *#........
*****,,,,* #.#,* ##....!##
,,,,,,,,,* #.#,* ####..#
**,,,,,,,*** #.#,* #..#
*,,,,,,,,,* #.#,*********#..#*
*,,,,,*,,,* #g#,,,,,,,*,,....,
*,,,***,,,* #@#,,,,,,,*,.....,
***,***,,,* #)#,,,,,,,*,.....,
*,*,,,,,* #.g,,,,,,,,...#...
*,*,,,,,****###g******,,,,,...
****,,,,,,,,,,,,,,..,*****,,,,...
,,,,,,,,,,,,,,,,,,,..,,,,,,,,,...
,,,,,,,,,,,********###*******,..>
*****,,,,,,* *,... * *,******
*,...


You could see Robin, a hobgoblin (strong) and a goblin (strong).

Vanquished Creatures
  Natasha (D:2)
  2 dart slugs (D:1)
  A ball python (D:1)
  2 bats (D:1)
  An endoplasm (D:1)
  2 giant cockroaches
  4 goblins (D:2)
  A hobgoblin (D:1)
  A quokka (D:1)
  2 kobolds
17 creatures vanquished.

Notes
Turn   | Place    | Note
-------+----------+-------------------------------------------
     0 | D:1      | qw the Gargoyle Fighter began the quest for the Orb.
     0 | D:1      | Reached XP level 1. HP: 14/14 MP: 1/1
     0 | D:1      | 0 ||| qw: Version: 0.2-a-12-gaebbb33
     0 | D:1      | 0 ||| qw: Game counter: 822
     0 | D:1      | 0 ||| qw: Always use a shield: true
     0 | D:1      | 0 ||| qw: God list: Okawaru
     0 | D:1      | 0 ||| qw: Allow faded altars: false
     0 | D:1      | 0 ||| qw: Do Orc after D:15 true
     0 | D:1      | 0 ||| qw: Do second Lair branch before Depths: true
     0 | D:1      | 0 ||| qw: Lair rune preference: random
     0 | D:1      | 0 ||| qw: Plans: Normal, Zot:1-4, God:TSO, Crypt, Tomb,
                  | Pan, Slime:5, Hells, Abyss, Orb
     0 | D:1      | 0 ||| PLANNING D:1-11
   434 | D:1      | 434 ||| Stepping ~*~*~tactically~*~*~ (hiding).
   445 | D:1      | Reached XP level 2. HP: 19/19 MP: 2/2
   475 | D:1      | 475 ||| Stepping ~*~*~tactically~*~*~ (stealth).
   512 | D:1      | You fall into a shaft and drop 1 floor!
   513 | D:2      | Found Atis's Magic Scroll Boutique.
   522 | D:2      | 522 ||| SHOPLISTING 3 scrolls of identify (78 gold, have
                  | 35).
   522 | D:2      | 522 ||| SHOPLISTING scroll of enchant weapon (97 gold, have
                  | 35).
   522 | D:2      | 522 ||| BUYING scroll of identify (26 gold).
   522 | D:2      | Bought a scroll of identify for 26 gold pieces
   522 | D:2      | 522 ||| SHOPLISTING scroll of identify (26 gold, have 9).
   522 | D:2      | 522 ||| SHOPLISTING scroll of teleportation (39 gold, have
                  | 9).
   527 | D:2      | 527 ||| UPGRADING to +6 ring of strength.
   528 | D:2      | 528 ||| READING scroll labelled QINUTO ETSEZ.
   529 | D:2      | 529 ||| READING scroll labelled DYGOOCAEJUD.
   532 | D:2      | 532 ||| READING scroll labelled YSHIAV ESOHIFUA.
   533 | D:2      | 533 ||| READING 4 scrolls of identify.
   533 | D:2      | 533 ||| IDENTIFYING fuming blue potion
   534 | D:2      | 534 ||| READING 3 scrolls of identify.
   534 | D:2      | 534 ||| IDENTIFYING coppery potion
   535 | D:2      | 535 ||| READING 2 scrolls of identify.
   535 | D:2      | 535 ||| IDENTIFYING lumpy coppery potion
   536 | D:2      | 536 ||| DROPPING potion of invisibility.
   537 | D:2      | 537 ||| DROPPING potion of ambrosia.
   742 | D:1      | 742 ||| READING scroll labelled CUZ ETWUATESMU.
   805 | D:2      | Found Tyalaet's Weapon Emporium.
   832 | D:2      | Found an ancient bone altar of Kikubaaqudgha.
   891 | D:2      | Noticed Natasha
   898 | D:2      | Killed Natasha
   899 | D:2      | Reached skill level 3 in Axes
   899 | D:2      | Reached XP level 3. HP: 23/23 MP: 3/3
   930 | D:2      | 930 ||| Stepping ~*~*~tactically~*~*~ (hiding).
   932 | D:2      | Noticed Robin
   960 | D:2      | HP: 3/23 [goblin/+0 club[Robin] (5)]
   961 | D:2      | HP: 1/23 [goblin/+0 club[Robin] (2)]
   961 | D:2      | Slain by Robin

Levels and vault maps discovered:
D:1:      nzn_arrival_depleted_hourglass, layout_rooms
D:2:      layout_basic, basic_altar, serial_shops, nicolae_shop_behind_doors,
          nicolae_diamond_shop, shop_fountains, uniq_natasha, uniq_terence,
          uniq_robin

Skill      XL: |  1  2 |
---------------+-------+-----
Axes           | 2 3 |  3.6
Fighting       | |  3.2
Armour         | |  3.2
Shields        | |  3.2

Action                   || total
-------------------------++-------
Melee: War axe           ||    69
  Use: Scroll            ||     7
Armor: Scale mail        ||    41
Dodge: Dodged            ||    34
Block: Buckler           ||    14

Table legend:
 A = Non-vault XP
 B = Vault XP
 C = Vault XP percentage of total XP
 D = Non-vault monster count
 E = Vault monster count
 F = Vault count percentage of total count
                 A         B        C        D         E       F
            +---------+---------+-------+---------+---------+-------
      Total |      27 |      43 |  61.4 |      12 |       5 |  29.4
            +---------+---------+-------+---------+---------+-------
        D:1 |      23 |       0 |   0.0 |      10 |       0 |   0.0
        D:2 |       4 |      43 |  91.5 |       2 |       5 |  71.4
            +---------+---------+-------+---------+---------+-------
